 Dungeon Crawl Stone Soup version 0.29.0-4-gdea44cf6ec (webtiles) character file.

Game seed: 6989847943813901259

49 qw the Chopper (level 3, -4/21 HPs)
             Began as a Tengu Warper on Aug 28, 2022.
             Slain by an orc priest
             ... wielding a +0 flail
              (7 damage)
             ... on level 4 of the Dungeon.
             The game lasted 00:00:05 (1044 turns).

qw the Chopper (Tengu Warper)                       Turns: 1044, Time: 00:00:06

Health: -4/21      AC:  5    Str: 13    XL:     3   Next: 75%
Magic:  7/7        EV:  9    Int: 13    God:
Gold:   140        SH:  8    Dex: 13    Spells: 6/6 levels left

rFire   . . .      SeeInvis .   k - +1 hand axe (vamp)
rCold   . . .      Faith    .   m - +0 kite shield
rNeg    . . .      Spirit   .   l - +0 ring mail
rPois   .          Reflect  .   (helmet restricted)
rElec   .          Harm     .   (no cloak)
rCorr   .          Rampage  .   (no gloves)
Will    .....                   (boots unavailable)
Stlth   +.........              (no amulet)
HPRegen 0.07/turn               (no ring)
MPRegen 0.10/turn               (no ring)

@: no status effects
A: beak, talons 3
a: no special abilities


You were on level 4 of the Dungeon.
You visited 1 branch of the dungeon, and saw 3 of its levels.

You collected 140 gold pieces.


Innate Abilities, Weirdness & Mutations

You have a beak for a mouth.
You have claws for feet.


   Skills:
 - Level 2.0 Fighting
 + Level 3.6 Axes
 - Level 1.0 Throwing
 - Level 1.1 Armour
 - Level 2.1 Dodging
 - Level 2.0 Shields
 - Level 2.0 Spellcasting
 - Level 2.4 Translocations


You had 6 spell levels left.
You didn't know any spells.
Your spell library contained the following spells:

 Spells                   Type           Power      Damage    Failure   Level
 Blink                    Tloc           14%        N/A       71%         2
 Gell's Gravitas          Tloc           7%         N/A       90%         3
 Lesser Beckoning         Tloc           7%         N/A       90%         3
 Teleport Other           Tloc           7%         N/A       90%         3
 Manifold Assault         Tloc           7%         N/A       100%        5

Inventory:

Hand Weapons
 j - a +0 mace
 k - a +1 vampiric hand axe (weapon)
Missiles
 d - 4 javelins (quivered)
Armour
 i - a +0 robe of fire resistance
 l - a +0 ring mail (worn)
 m - a +0 kite shield (worn)
Scrolls
 b - a scroll of brand weapon {unknown}
 h - a scroll of amnesia {unknown}
 n - a scroll of immolation {unknown}
Potions
 a - a potion of degeneration {unknown}
 c - a potion of curing {unknown}
 e - a potion of lignification {unknown}
 f - a potion of brilliance {unknown}
 g - a potion of invisibility {unknown}

Dungeon Overview and Level Annotations

Branches:
Dungeon (2/15)

Altars:


Message History

Enter note: An orc comes into view. It is wielding a +0 flail.
You block the orc's attack.
You barely miss the orc. You peck the orc, but do no damage.
You block the orc's attack.
You barely miss the orc. Your peck misses the orc.
The orc priest looks braver for a moment.
The orc hits you but does no damage.
You hit the orc. Your peck misses the orc.
The orc is heavily wounded.
The orc hits you with a +0 dagger.
You hit the orc.
You feel better.
You kill the orc!
You closely miss the orc priest. The orc priest closely misses you.
You block the orc's attack.
You hit the orc. You claw the orc.
You kill the orc!
You barely miss the orc.
The orc priest casts a cantrip, but nothing happens.
You closely miss the orc. Your kick misses the orc. You block the orc's attack.
You hit the orc priest but do no damage.
You hit the orc but do no damage. The orc priest barely misses you.
The orc hits you with a +0 flail. The orc priest closely misses you.
The orc hits you with a +0 flail.
You barely miss the orc priest. You claw the orc priest.
Your peck misses the orc priest.
The orc priest is moderately wounded.
You hit the orc.
You feel better.
The orc priest mumbles some strange prayers to Beogh against you.
Beogh smites you!
Ouch! That really hurt!
The orc closely misses you.
You hit the orc priest but do no damage.
Your peck misses the orc priest.
The orc priest is moderately wounded.
You hit the orc but do no damage. The orc closely misses you.
The orc priest hits you with a +0 flail!
You die...

. ## .. ..####. ..# #.
....... ..##.. .<...$.
.....# #.....o###
###....###
......o@.###.........
..##...#...........#
.......####........#
.....>. ##...#...##
....##. #..#.....#
....# #.# ##.......#
....###.## #........
.........# #........
.........#####........


You could see an orc priest and an orc.

Vanquished Creatures
  3 adders (D:2)
  2 orcs (D:4)
  2 ball pythons
  4 endoplasms
  A goblin (D:1)
  A quokka (D:1)
  3 bats
  A frilled lizard (D:1)
  A kobold (D:2)
  4 rats
22 creatures vanquished.

Notes
Turn   | Place    | Note
-------+----------+-------------------------------------------
     0 | D:1      | qw the Tengu Warper began the quest for the Orb.
     0 | D:1      | Reached XP level 1. HP: 12/12 MP: 4/4
     0 | D:1      | 0 ||| qw: Version: 0.1-a-89-g26bdef1
     0 | D:1      | 0 ||| qw: Game counter: 2495
     0 | D:1      | 0 ||| qw: Always use a shield: true
     0 | D:1      | 0 ||| qw: God list: Okawaru
     0 | D:1      | 0 ||| qw: Allow faded altars: false
     0 | D:1      | 0 ||| qw: Do Orc after D:15 true
     0 | D:1      | 0 ||| qw: Do second Lair branch before Depths: true
     0 | D:1      | 0 ||| qw: Lair rune preference: random
     0 | D:1      | 0 ||| qw: Plans: Normal
     0 | D:1      | 0 ||| PLANNING D:1-11
    25 | D:1      | 25 ||| Stepping ~*~*~tactically~*~*~ (stealth).
   174 | D:1      | 174 ||| Stepping ~*~*~tactically~*~*~ (stealth).
   330 | D:1      | Reached XP level 2. HP: 17/17 MP: 6/6
   330 | D:1      | 330 ||| DROPPING +0 club.
   350 | D:1      | Reached skill level 3 in Axes
   360 | D:1      | 360 ||| SWAPPING to +1 vampiric hand axe.
   361 | D:1      | 361 ||| DROPPING +0 hand axe.
   596 | D:1      | Found a faded altar of an unknown god.
   738 | D:1      | 738 ||| UPGRADING to +0 robe of fire resistance.
   748 | D:1      | 748 ||| DROPPING +0 leather armour.
   749 | D:1      | 749 ||| UPGRADING to +0 ring mail.
   759 | D:1      | 759 ||| UPGRADING to +0 kite shield.
   764 | D:1      | 764 ||| READING scroll labelled LUACLUOHUE.
   765 | D:1      | 765 ||| READING scroll labelled OSESOH WETEEC.
   766 | D:1      | 766 ||| DROPPING scroll of blinking.
   783 | D:2      | 783 ||| STAIRDANCE
   793 | D:2      | Reached skill level 1 in Shields
   793 | D:2      | 793 ||| STAIRDANCE
   870 | D:2      | Reached XP level 3. HP: 19/21 MP: 7/7
  1013 | D:2      | You fall into a shaft and drop 2 floors!
  1043 | D:4      | HP: 3/21 [orc priest/divine providence (12)]
  1044 | D:4      | Slain by an orc priest

Levels and vault maps discovered:
D:1:      dpeg_arrival_central, layout_basic,
          shapermc_ecumenical_altar_mp_vishouse, minmay_pentomino_z2
D:2:      layout_rooms
D:4:      layout_layer_cave, minmay_manual_moon

Skill      XL: |  1  2  3 |
---------------+----------+-----
Axes           | 3 |  3.6
Shields        | 1 2 |  2.0
Fighting       | |  2.0
Throwing       | |  1.0
Armour         | |  1.1
Dodging        | |  2.1
Spellcasting   | |  2.0
Translocations | |  2.4

Action                   || total
-------------------------++-------
Melee: Hand axe          ||    43
       Kick              ||     7
       Peck              ||     6
Throw: Boomerang         ||     7
       Javelin           ||    12
  Use: Scroll            ||     2
Armor: Leather armour    ||     5
       Ring mail         ||    11
Dodge: Dodged            ||    15
Block: Kite shield       ||     9

Table legend:
 A = Non-vault XP
 B = Vault XP
 C = Vault XP percentage of total XP
 D = Non-vault monster count
 E = Vault monster count
 F = Vault count percentage of total count
                 A         B        C        D         E       F
            +---------+---------+-------+---------+---------+-------
      Total |      70 |       0 |   0.0 |      22 |       0 |   0.0
            +---------+---------+-------+---------+---------+-------
        D:1 |      16 |       0 |   0.0 |      10 |       0 |   0.0
        D:2 |      48 |       0 |   0.0 |      10 |       0 |   0.0
        D:4 |       6 |       0 |   0.0 |       2 |       0 |   0.0
            +---------+---------+-------+---------+---------+-------
